 Dungeon Crawl Stone Soup version bcrawl-1.12-8-g964540c432 (webtiles) character file.

Game seed: 3428477753056412169

259 Freyura the Magician (level 6, 0/49 HPs)
             Began as an Oni Wizard on June 10, 2019.
             Succumbed to a kobold's poison
             ... on level 3 of the Dungeon.
             The game lasted 00:22:05 (3238 turns).

Freyura the Magician (Oni Wizard)                   Turns: 3238, Time: 00:22:06

Health: 0/49       AC:  4    Str: 16    XL:     6   Next: 17%
Magic:  5/15       EV: 17    Int: 21    God:
Gold:   191        SH:  0    Dex: 14    Spells: 6/14 levels left

rFire    + . .     SeeInvis .   (no weapon)
rCold    + . .     Gourm    .   (no shield)
rNeg     . . .     Faith    .   q - +0 robe (curse)
rPois    +         Spirit   .   b - +0 hat
rElec    +         Reflect  .   h - +1 cloak
rCorr    +         Harm     .   (no gloves)
MR       +....                  (no boots)
Stlth    +++.......             (no amulet)
HPRegen  0.16/turn              (no ring)
MPRegen  0.14/turn              (no ring)

@: mighty, agile, lethally poisoned (0 -> -11), resistant, flying
A: oni magic, claws 1, fangs 1, horns 1, magic resistance 1, robust 1
a: no special abilities


You were on level 3 of the Dungeon.
You were hungry.

You visited 1 branch of the dungeon, and saw 3 of its levels.

You collected 191 gold pieces.

Inventory:

Armour
 b - a +0 hat (worn)
 h - a +1 cloak (worn)
 k - a scarf of stasis
 q - a cursed +0 robe (worn)
Scrolls
 c - 2 scrolls of fear {unknown}
 f - a scroll of enchant armour {unknown}
 g - 2 scrolls of amnesia {unknown}
 i - a scroll of remove curse {unknown}
 l - 3 scrolls of teleportation {unknown}
 n - 2 scrolls of identify {unknown}
Potions
 e - 2 potions of flight
 m - a potion of resistance
 o - 2 potions of agility
Comestibles
 d - 5 rations {!d}


   Skills:
 - Level 1.7 Dodging
 - Level 1.7 Stealth
 + Level 4.7 Spellcasting


You had 6 spell levels left.
You knew the following spells:

 Your Spells              Type           Power        Failure   Level  Hunger
a - Magic Dart            Conj           ####         1%          1    None
b - Call Imp              Summ           ####....     1%          2    #......
c - Poisonous Vapours     Pois/Air       ###...       2%          2    #......
d - Conjure Flame         Conj/Fire      ###.....     4%          3    ##.....

Your spell library contained the following spells:

 Spells                   Type           Power        Failure   Level  Hunger
 Sandblast                Erth           ####..       1%          1    None
 Slow                     Hex            ####....     1%          1    None
 Blink                    Tloc           N/A          1%          2    #......
 Throw Frost              Conj/Ice       ###...       2%          2    #......
 Mephitic Cloud           Conj/Pois/Air  ###.....     5%          3    ##.....


Dungeon Overview and Level Annotations

Branches:
Dungeon (3/12)

Altars:
Qazlal


Innate Abilities, Weirdness & Mutations

You learn spells by gaining experience, not through books or religion.
You only train spellcasting to practice magic.
You have sharp fingernails.
You have very sharp teeth.
You have a pair of small horns on your head.
You are resistant to hostile enchantments. (MR+)
You are robust. (+10% HP)


Message History

* * * LOW HITPOINT WARNING * * *
You feel sick.
The kobold shoots a poisoned needle.
The poisoned needle barely misses your crimson imp.
The poisoned needle hits you!
It was a potion of agility.
You feel agile all of a sudden.
* * * LOW HITPOINT WARNING * * *
You feel sick.
The kobold shoots a poisoned needle.
The poisoned needle misses your crimson imp.
The poisoned needle closely misses you.
It was a potion of might.
You feel very mighty all of a sudden.
* * * LOW HITPOINT WARNING * * *
You feel sick.
Your crimson imp barely misses the kobold.
The kobold shoots a poisoned needle.
The poisoned needle hits your crimson imp!
Your crimson imp is poisoned.
Okay, then.
You die...

#####
#.%..########
#....)......#
##...........#
.K5.........#
..)....@....+
#.#.........# #
#.........#
..'..)......+
#.#.........#
#.#...†.....#
#### #.........#
#...#+#.........#
+...............#


You could see a kobold and a friendly crimson imp.

Vanquished Creatures
  A crimson imp (D:3)
  2 orc priests (D:3)
  2 adders (D:3)
  3 oozes
  2 worms (D:2)
  3 dart slugs
  4 leopard geckos (D:1)
  6 orcs
  4 giant cockroaches
  9 goblins
  8 hobgoblins
  2 jackals (D:3)
  11 kobolds
  A quokka (D:2)
  7 bats
  2 frilled lizards (D:1)
  2 rats
69 creatures vanquished.

Vanquished Creatures (collateral kills)
  2 orc priests (D:3)
  An orc (D:3)
3 creatures vanquished.

Grand Total: 72 creatures vanquished

Notes
Turn   | Place    | Note
-------+----------+-------------------------------------------
     0 | D:1      | Freyura the Oni Wizard began the quest for the Orb.
     0 | D:1      | Reached XP level 1. HP: 14/14 MP: 5/5
   111 | D:1      | Reached XP level 2. HP: 17/20 MP: 0/7
   506 | D:1      | Reached XP level 3. HP: 26/26 MP: 3/9
   582 | D:1      | Reached skill level 3 in Spellcasting
  1304 | D:2      | Found a stormy altar of Qazlal.
  1384 | D:2      | Reached XP level 4. HP: 33/33 MP: 9/11
  2174 | D:3      | Reached skill level 4 in Spellcasting
  2174 | D:3      | Reached XP level 5. HP: 10/38 MP: 6/13
  2540 | D:3      | Learned a level 2 spell: Call Imp
  2543 | D:3      | Learned a level 2 spell: Poisonous Vapours
  2547 | D:3      | Learned a level 3 spell: Conjure Flame
  3211 | D:3      | Reached XP level 6. HP: 9/45 MP: 3/15
  3234 | D:3      | Gained mutation: You are robust. (+10% HP) [potion of
                  | mutation]
  3234 | D:3      | Gained mutation: You are resistant to hostile enchantments.
                  | (MR+) [potion of mutation]
  3236 | D:3      | HP: 2/49 [poisoned by a kobold]
  3238 | D:3      | Succumbed to a kobold's poison

Skill      XL: |  1  2  3  4 |
---------------+-------------+-----
Spellcasting   | 3 4 |  4.7
Dodging        | |  1.7
Stealth        | |  1.7

Action                   |  1- 3 |  4- 6 || total
-------------------------+-------+-------++-------
Melee: Unarmed           |     3 |    11 ||    14
       Bite              |     1 |       ||     1
       Headbutt          |       |     3 ||     3
 Cast: Magic Dart        |    84 |    96 ||   180
       Call Imp          |       |     5 ||     5
  Use: Potion            |       |     5 ||     5
  Eat: Chunk             |     1 |     2 ||     3
       Ration            |       |     1 ||     1
Armor: Animal skin       |     4 |     7 ||    11
       Robe              |       |     3 ||     3
Dodge: Dodged            |     9 |    29 ||    38
